BSA
SPRINGFIELD STARS @ KALAMAZOO ROYALE WITH CHEESE
03/22/2026
 
TOP OF THE 1ST
Springfield Stars batting - Pitching for Kalamazoo Royale with Cheese : LHP Octávio Ramírez
Pitching: LHP Octávio Ramírez
Batting: RHB Norberto Taváres 0-0: Ball
1-0: Foul Ball, location: 2F
1-1: Ball
2-1: Foul Ball, location: 2F
2-2: DOUBLE (Flyball, 89M)
Batting: RHB Juan Rodríguez 0-0: Ball
1-0: Called Strike
1-1: Ball
2-1: Ball
3-1: Called Strike
3-2: Foul Ball, location: 2F
3-2: Foul Ball, location: 2F
3-2: Strikes out swinging
Batting: LHB Felipe Guerrero 0-0: Ball
1-0: Ball
2-0: Called Strike
2-1: Foul Ball, location: 2F
2-2: Strikes out swinging
Batting: LHB Derek Davidson 0-0: Ball
1-0: SINGLE (Line Drive, 56)
Norberto Taváres to third
Runner from 3rd tries for Home, SAFE, no throw or cutoff
Batting: LHB Elliott Newell 0-0: Called Strike
0-1: Swinging Strike
0-2: Strikes out swinging
Top of the 1st over - 1 run(s), 2 hit(s), 0 error(s), 1 left on base; Springfield 1 - Kalamazoo 0
BOTTOM OF THE 1ST
Kalamazoo Royale with Cheese batting - Pitching for Springfield Stars : LHP Anthony Erickson
Pitching: LHP Anthony Erickson
Batting: RHB Fernando Martínez 0-0: Foul Ball, location: 2F
0-1: Ball
1-1: Ground out 1-3 (Groundball, 25)
Batting: LHB Robinson Fernández 0-0: Ball
1-0: Ball
2-0: Ball
3-0: Base on Balls
Batting: RHB Juan Mendoza 0-0: Ball
1-0: Ball
2-0: Called Strike
2-1: Ball
3-1: Swinging Strike
3-2: Foul Ball, location: 2F
3-2: Strikes out swinging
Batting: RHB Juan Jose Guevana 0-0: Ball
1-0: Ball
Wild Pitch!
Robinson Fernández to second
2-0: Ball
3-0: Called Strike
3-1: Base on Balls
Batting: LHB David Richardson 0-0: Ground out 4-3 (Groundball, 4)
Bottom of the 1st over - 0 run(s), 0 hit(s), 0 error(s), 2 left on base; Springfield 1 - Kalamazoo 0
TOP OF THE 2ND
Springfield Stars batting - Pitching for Kalamazoo Royale with Cheese : LHP Octávio Ramírez
Batting: RHB Juan Carlos Rodríguez 0-0: Called Strike
0-1: Ground out 1-3 (Groundball, 13S)
Batting: RHB Alberto Campos 0-0: Called Strike
0-1: Swinging Strike
0-2: Strikes out looking
Batting: SHB Shane Hutchinson 0-0: Called Strike
0-1: Swinging Strike
0-2: Ball
1-2: Strikes out swinging
Top of the 2nd over - 0 run(s), 0 hit(s), 0 error(s), 0 left on base; Springfield 1 - Kalamazoo 0
BOTTOM OF THE 2ND
Kalamazoo Royale with Cheese batting - Pitching for Springfield Stars : LHP Anthony Erickson
Batting: RHB Miguel Encarnación 0-0: SINGLE (Groundball, 6M) (infield hit)
Batting: LHB Juan Sánchez 0-0: Called Strike
0-1: Fly out, F8 (Flyball, 8LM)
Batting: LHB Roberto Sandoval 0-0: Ball
1-0: Ball
2-0: Foul Ball, location: 2F
2-1: Foul Ball, location: 2F
2-2: Ball
3-2: Strikes out swinging
Batting: RHB Jorge Márquez 0-0: Called Strike
0-1: Ball
1-1: Foul Ball, location: 2F
1-2: Foul Ball, location: 2F
1-2: Ball
Wild Pitch!
Miguel Encarnación to second
2-2: Fly out, F8 (Flyball, 8RM)
Bottom of the 2nd over - 0 run(s), 1 hit(s), 0 error(s), 1 left on base; Springfield 1 - Kalamazoo 0
TOP OF THE 3RD
Springfield Stars batting - Pitching for Kalamazoo Royale with Cheese : LHP Octávio Ramírez
Batting: LHB Jesús Tobías 0-0: Ball
1-0: SINGLE (Line Drive, 9LS)
Batting: RHB Norberto Taváres 0-0: Ball
1-0: Ball
2-0: Foul Ball, location: 2F
2-1: Called Strike
2-2: Ball
3-2: SINGLE (Line Drive, 56D)
Jesús Tobías to second
Batting: RHB Juan Rodríguez 0-0: Swinging Strike
0-1: Ball
1-1: Ball
2-1: Foul Ball, location: 2F
2-2: Strikes out swinging
Batting: LHB Felipe Guerrero 0-0: Called Strike
0-1: Foul Ball, location: 2F
0-2: Foul Ball, location: 2F
0-2: SINGLE (Line Drive, 8LS)
Jesús Tobías to third
Norberto Taváres to second
Runner from 3rd tries for Home, SAFE, no throw or cutoff
Batting: LHB Derek Davidson 0-0: Ball
1-0: Ball
2-0: Foul Ball, location: 2F
2-1: Swinging Strike
2-2: Strikes out looking
Batting: LHB Elliott Newell 0-0: Ball
1-0: Foul Ball, location: 2F
1-1: Fielders Choice at 2nd, U4 (Groundball, 4M)
Top of the 3rd over - 1 run(s), 3 hit(s), 0 error(s), 2 left on base; Springfield 2 - Kalamazoo 0
BOTTOM OF THE 3RD
Kalamazoo Royale with Cheese batting - Pitching for Springfield Stars : LHP Anthony Erickson
Batting: RHB Fernando Martínez 0-0: Ground out 4-3 (Groundball, 4M)
Batting: LHB Robinson Fernández 0-0: Called Strike
0-1: Ball
1-1: Ground out 5-3 (Groundball, 5S)
Batting: RHB Juan Mendoza 0-0: Fly out, F4 (Popup, 3D)
Bottom of the 3rd over - 0 run(s), 0 hit(s), 0 error(s), 0 left on base; Springfield 2 - Kalamazoo 0
TOP OF THE 4TH
Springfield Stars batting - Pitching for Kalamazoo Royale with Cheese : LHP Octávio Ramírez
Batting: RHB Juan Carlos Rodríguez 0-0: Ball
1-0: Called Strike
1-1: Ball
2-1: Fly out, F8 (Flyball, 78XD)
Batting: RHB Alberto Campos 0-0: Ball
1-0: Ball
2-0: Called Strike
2-1: Ground out 6-3 (Groundball, 6M)
Batting: SHB Shane Hutchinson 0-0: Fly out, F4 (Line Drive, 4)
Top of the 4th over - 0 run(s), 0 hit(s), 0 error(s), 0 left on base; Springfield 2 - Kalamazoo 0
BOTTOM OF THE 4TH
Kalamazoo Royale with Cheese batting - Pitching for Springfield Stars : LHP Anthony Erickson
Batting: RHB Juan Jose Guevana 0-0: Called Strike
0-1: Ball
1-1: Ball
2-1: Foul Ball, location: 2F
2-2: Ground out 3-1 (Groundball, 34S)
Batting: LHB David Richardson 0-0: Called Strike
0-1: Swinging Strike
0-2: Ground out 1-3 (Groundball, 13S)
Batting: RHB Miguel Encarnación 0-0: Ball
1-0: Fly out, F4 (Line Drive, 4MD)
Bottom of the 4th over - 0 run(s), 0 hit(s), 0 error(s), 0 left on base; Springfield 2 - Kalamazoo 0
TOP OF THE 5TH
Springfield Stars batting - Pitching for Kalamazoo Royale with Cheese : LHP Octávio Ramírez
Pitching: RHP Félix Rivera
Batting: LHB Jesús Tobías 0-0: Swinging Strike
0-1: Ball
1-1: Ball
2-1: Swinging Strike
2-2: Foul Ball, location: 2F
2-2: Ball
3-2: Base on Balls
Batting: RHB Norberto Taváres 0-0: Foul Ball, location: 2F
0-1: Called Strike
0-2: Ball
1-2: Ball
2-2: Strikes out swinging
Batting: RHB Juan Rodríguez 0-0: Ball
1-0: Ground out 5-3 (Groundball, 56S)
Jesús Tobías to second
Batting: LHB Felipe Guerrero 0-0: Called Strike
0-1: Ball
1-1: Swinging Strike
1-2: Ball
2-2: Foul Ball, location: 2F
2-2: Ball
3-2: Fly out, F6 (Popup, 5)
Top of the 5th over - 0 run(s), 0 hit(s), 0 error(s), 1 left on base; Springfield 2 - Kalamazoo 0
BOTTOM OF THE 5TH
Kalamazoo Royale with Cheese batting - Pitching for Springfield Stars : LHP Anthony Erickson
Pitching: LHP Glenn Tutt
Batting: LHB Juan Sánchez 0-0: Ground out 4-3 (Groundball, 4M)
Batting: LHB Roberto Sandoval 0-0: Called Strike
0-1: Foul Ball, location: 2F
0-2: Ball
1-2: Ball
2-2: Ball
3-2: Ground out 3-1 (Groundball, 34S)
Batting: RHB Jorge Márquez 0-0: Ball
1-0: Ball
2-0: Called Strike
2-1: Ball
3-1: Base on Balls
Batting: RHB Fernando Martínez 0-0: SINGLE (Flyball, 78S)
Jorge Márquez to second
Batting: LHB Robinson Fernández 0-0: Ball
1-0: Fly out, F6 (Popup, 5D)
Bottom of the 5th over - 0 run(s), 1 hit(s), 0 error(s), 2 left on base; Springfield 2 - Kalamazoo 0
TOP OF THE 6TH
Springfield Stars batting - Pitching for Kalamazoo Royale with Cheese : RHP Félix Rivera
Batting: LHB Derek Davidson 0-0: Called Strike
0-1: Called Strike
0-2: Strikes out swinging
Batting: LHB Elliott Newell 0-0: DOUBLE (Flyball, 78D)
Batting: RHB Juan Carlos Rodríguez 0-0: Ball
1-0: Foul Ball, location: 2F
1-1: Ball
2-1: Ground out 1-3 (Groundball, 25)
Batting: RHB Alberto Campos 0-0: Swinging Strike
0-1: Hit by Pitch
Batting: SHB Shane Hutchinson 0-0: Ball
1-0: Fly out, F9 (Flyball, 89S)
Top of the 6th over - 0 run(s), 1 hit(s), 0 error(s), 2 left on base; Springfield 2 - Kalamazoo 0
BOTTOM OF THE 6TH
Kalamazoo Royale with Cheese batting - Pitching for Springfield Stars : LHP Glenn Tutt
Batting: RHB Juan Mendoza 0-0: Foul Ball, location: 2F
0-1: SOLO HOME RUN (Flyball, 7D), Distance : 384 ft
Batting: RHB Juan Jose Guevana 0-0: Called Strike
0-1: Swinging Strike
0-2: Foul Ball, location: 2F
0-2: Ball
1-2: SOLO HOME RUN (Flyball, 7LD), Distance : 360 ft
Batting: LHB David Richardson 0-0: Foul Ball, location: 2F
0-1: Ball
1-1: Ground out 4-3 (Groundball, 34)
Pitching: RHP Luis Cortéz
Batting: RHB Miguel Encarnación 0-0: Called Strike
0-1: Foul Ball, location: 2F
0-2: Strikes out looking
Batting: LHB Juan Sánchez 0-0: Ball
1-0: Swinging Strike
1-1: Called Strike
1-2: Ball
2-2: Ball
3-2: Strikes out looking
Bottom of the 6th over - 2 run(s), 2 hit(s), 0 error(s), 0 left on base; Springfield 2 - Kalamazoo 2
TOP OF THE 7TH
Springfield Stars batting - Pitching for Kalamazoo Royale with Cheese : RHP Félix Rivera
Pitching: RHP José Ruíz
Batting: LHB Jesús Tobías 0-0: DOUBLE (Line Drive, 78M)
Pinch Hitting: LHB Mike Callahan 0-0: Ball
1-0: Called Strike
1-1: Ground out 6-3 (Groundball, 6M)
Jesús Tobías to third
Batting: LHB Ryan Drake 0-0: Foul Ball, location: 2F
0-1: Ball
1-1: Ball
2-1: Fly out, F6 (Popup, 6M)
Pitching: LHP Morgan McDormand
Pinch Hitting: SHB Martín Medina 0-0: Ball
1-0: Called Strike
1-1: Swinging Strike
1-2: Ball
2-2: Foul Ball, location: 2F
2-2: Strikes out swinging
Top of the 7th over - 0 run(s), 1 hit(s), 0 error(s), 1 left on base; Springfield 2 - Kalamazoo 2
BOTTOM OF THE 7TH
Kalamazoo Royale with Cheese batting - Pitching for Springfield Stars : RHP Luis Cortéz
Now in LF: Cho-yun Qiao
Now in CF: Martín Medina
Pinch Hitting: LHB William Ruffo 0-0: Ball
1-0: Called Strike
1-1: Ball
2-1: Foul Ball, location: 2F
2-2: Ball
3-2: Foul Ball, location: 2F
3-2: Base on Balls
Batting: RHB Jorge Márquez 0-0: Bunted foul
0-1: Sac Bunt - play at first, batter OUT! 2-4
William Ruffo to second
Pinch Hitting: LHB Seung-woo Yi 0-0: Ball
1-0: Ball
2-0: Ball
3-0: Foul Ball, location: 2F
3-1: Foul Ball, location: 2F
3-2: Foul Ball, location: 2F
3-2: Base on Balls
Batting: RHB Fernando Díaz 0-0: Ball
1-0: Foul Ball, location: 2F
1-1: Ball
2-1: Ball
3-1: Called Strike
3-2: Strikes out swinging
Pinch Hitting: RHB Naomichi Aoki 0-0: Called Strike
0-1: Swinging Strike
0-2: Fly out, F9 (Flyball, 9S)
Bottom of the 7th over - 0 run(s), 0 hit(s), 0 error(s), 2 left on base; Springfield 2 - Kalamazoo 2
TOP OF THE 8TH
Springfield Stars batting - Pitching for Kalamazoo Royale with Cheese : LHP Morgan McDormand
Now at 3B: Seung-woo Yi
Now in LF: William Ruffo
Now in CF: Naomichi Aoki
Batting: LHB Derek Davidson 0-0: SINGLE (Popup, 7LS)
Pitching: LHP Carlos Thomas
Pinch Hitting: RHB Bryan Sandstrom 0-0: Called Strike
0-1: Foul Ball, location: 2F
0-2: Ball
1-2: Foul Ball, location: 2F
1-2: Foul Ball, location: 2F
1-2: Foul Ball, location: 2F
1-2: Ball
2-2: Strikes out swinging
Pinch Hitting: RHB Will Sterling 0-0: Ball
1-0: SINGLE (Line Drive, 7LS)
Derek Davidson to second
Batting: RHB Alberto Campos 0-0: Ball
1-0: Ball
2-0: SINGLE (Groundball, 56)
Derek Davidson to third
Will Sterling to second
Runner from 3rd tries for Home, SAFE, no throw or cutoff
Batting: SHB Shane Hutchinson 0-0: Called Strike
0-1: Swinging Strike
0-2: Ball
1-2: Strikes out swinging
Pinch Hitting: RHB Ed Watkins 0-0: Called Strike
0-1: Foul Ball, location: 2F
0-2: Ball
1-2: Ball
2-2: Ball
3-2: Base on Balls
Will Sterling to third
Alberto Campos to second
Batting: RHB Cho-yun Qiao 0-0: Called Strike
0-1: Called Strike
0-2: DOUBLE (Line Drive, 7D)
Will Sterling scores
Alberto Campos scores
Ed Watkins to third
Runner from 3rd tries for Home, SAFE, no throw or cutoff
Batting: LHB Ryan Drake 0-0: Ball
1-0: Foul Ball, location: 2F
1-1: Swinging Strike
1-2: Foul Ball, location: 2F
1-2: Ball
2-2: Ball
3-2: Strikes out swinging
Top of the 8th over - 4 run(s), 4 hit(s), 0 error(s), 1 left on base; Springfield 6 - Kalamazoo 2
BOTTOM OF THE 8TH
Kalamazoo Royale with Cheese batting - Pitching for Springfield Stars : RHP Luis Cortéz
Now at 1B: David García
Now at 2B: José Pinto
Now at 3B: Ed Watkins
Pinch Hitting: LHB Bill McJannett 0-0: DOUBLE (Flyball, 9D) - OUT at third base trying to stretch hit.
Pitching: RHP Ramón Vélez
Batting: LHB David Richardson 0-0: Foul Ball, location: 2F
0-1: Ball
1-1: Called Strike
1-2: Ball
2-2: Fly out, F4 (Popup, 3D)
Pinch Hitting: RHB Jonathan MacVey 0-0: Foul Ball, location: 2F
0-1: Called Strike
0-2: Fly out, F8 (Flyball, 8LM)
Bottom of the 8th over - 0 run(s), 1 hit(s), 0 error(s), 0 left on base; Springfield 6 - Kalamazoo 2
TOP OF THE 9TH
Springfield Stars batting - Pitching for Kalamazoo Royale with Cheese : LHP Carlos Thomas
Now at 1B: Jonathan MacVey
Now at 2B: Carlos Carrillo
Batting: SHB Martín Medina 0-0: Foul Ball, location: 2F
0-1: SINGLE (Line Drive, 8RS)
Batting: LHB Derek Davidson Pickoff Throw to First - Error! E1
Martín Medina to second
0-0: Intentional Walk
Batting: SHB David García 0-0: Called Strike
0-1: Fly out, F8 (Popup, 8RS)
Batting: RHB José Pinto 0-0: Called Strike
0-1: Ball
1-1: Called Strike
1-2: Foul Ball, location: 2F
1-2: Foul Ball, location: 2F
1-2: Ball
2-2: Grounds into double play, U4-3 (Groundball, 4)
Top of the 9th over - 0 run(s), 1 hit(s), 1 error(s), 1 left on base; Springfield 6 - Kalamazoo 2
BOTTOM OF THE 9TH
Kalamazoo Royale with Cheese batting - Pitching for Springfield Stars : RHP Ramón Vélez
Pinch Hitting: RHB Barney Lawson 0-0: Ground out 5-3 (Groundball, 5)
Batting: LHB William Ruffo 0-0: Called Strike
0-1: Foul Ball, location: 2F
0-2: Ball
1-2: Ground out 4-3 (Groundball, 4)
Pinch Hitting: RHB Andy Aiton 0-0: Ball
1-0: Swinging Strike
1-1: Ball
2-1: Swinging Strike
2-2: Fly out, F3 (Line Drive, 34)
Bottom of the 9th over - 0 run(s), 0 hit(s), 0 error(s), 0 left on base; Springfield 6 - Kalamazoo 2
Monday, December 5th, 2016 - OOTP Baseball 17.12 Build 75